 Dungeon Crawl Stone Soup version 0.29-a0-664-gff9cad4a3d (webtiles) character file.

Game seed: 9532970766200662427

63 happo123 the Gusty (level 4, -1/24 HPs)
             Began as a Tengu Air Elementalist on June 22, 2022.
             Killed by divine providence
             ... invoked by an orc priest
              (11 damage)
             ... on level 3 of the Dungeon.
             The game lasted 00:10:38 (1860 turns).

happo123 the Gusty (Tengu Air Elementalist)         Turns: 1860, Time: 00:10:38

Health: -1/24      AC:  2    Str:  8    XL:     4   Next: 10%
Magic:  4/8        EV: 12    Int: 17    God:
Gold:   173        SH:  0    Dex: 15    Spells: 1/7 levels left

rFire   . . .      SeeInvis .   f - +0 short sword
rCold   . . .      Faith    .   (no shield)
rNeg    . . .      Spirit   .   a - +0 robe
rPois   .          Reflect  .   (helmet restricted)
rElec   .          Harm     .   (no cloak)
rCorr   .          Rampage  .   (no gloves)
Will    .....                   (boots unavailable)
Stlth   ++........              (no amulet)
HPRegen 0.08/turn               (no ring)
MPRegen 0.11/turn               (no ring)

@: no status effects
A: beak, talons 3
a: no special abilities


You were on level 3 of the Dungeon.
You visited 1 branch of the dungeon, and saw 3 of its levels.

You collected 173 gold pieces.

Inventory:

Hand Weapons
 f - a +0 short sword (weapon)
Armour
 a - a +0 robe (worn)
 q - a +2 kite shield
Jewellery
 p - a ring of resist corrosion
Scrolls
 d - a scroll of immolation {unknown}
 e - 2 scrolls of identify {unknown}
 k - a scroll of fear {unknown}
 l - a scroll of vulnerability {unknown}
 m - a scroll of amnesia {unknown}
Potions
 b - 3 potions of magic
 c - 3 potions of lignification {unknown}
 g - 4 potions of curing {unknown}
 h - a potion of heal wounds {unknown}
 i - 2 potions of invisibility {unknown}
 j - a potion of might {unknown}
 n - a potion of attraction {unknown}
 o - a potion of mutation {unknown}


   Skills:
 + Level 0.9 Fighting
 + Level 2.5 Dodging
 + Level 2.4 Stealth
 + Level 2.2 Spellcasting
 * Level 2.8 Conjurations
 * Level 4.8 Air Magic


You had one spell level left.
You knew the following spells:

 Your Spells              Type           Power      Damage    Failure   Level
a - Shock                 Conj/Air       56%        1d6       4%          1
b - Static Discharge      Conj/Air       14%        N/A       6%          2
c - Swiftness             Air            18%        N/A       8%          3

Your spell library contained the following spells:

 Spells                   Type           Power      Damage    Failure   Level
 Airstrike                Air            9%         N/A       26%         4
 Gell's Gravitas          Tloc           1%         N/A       50%         3
 Lesser Beckoning         Tloc           1%         N/A       50%         3
 Teleport Other           Tloc           1%         N/A       50%         3


Dungeon Overview and Level Annotations

Branches:
Dungeon (3/15)

Altars:

Shops:
D:2 :


Innate Abilities, Weirdness & Mutations

You have a beak for a mouth.
You have claws for feet.


Message History

Okay, then.
You start putting on your armour.
You continue putting on your +2 kite shield. x4
You finish putting on your +2 kite shield.
You start removing your armour.
You continue taking off your +2 kite shield. x4
You finish taking off your +2 kite shield.
You climb downwards.
The orc completely misses you. The orc hits you with a +0 dagger.
There is a stone staircase leading up here.
Casting: Shock (safe; 4% risk of failure)
Confirm with . or Enter, or press ? or * to list all spells.
The orc is struck by an arc of lightning.
The orc is severely wounded.
You are struck by an arc of lightning.
The lightning grounds out.
The orc hits you with a +0 dagger.
Aiming: Shock (safe; 4% risk of failure)
Press: ? - help, Q - select action, (/) - cycle Shift-Dir - straight line
Okay, then.
Aiming: Shock (safe; 4% risk of failure)
Press: ? - help, Q - select action, (/) - cycle Shift-Dir - straight line
Okay, then.
You barely miss the orc. You claw the orc.
You kill the orc!
Casting: Shock (safe; 4% risk of failure)
Confirm with . or Enter, or press ? or * to list all spells.
The orc priest is struck by an arc of lightning!
The orc priest is severely wounded.
The lightning grounds out.
The orc priest mumbles some strange prayers to Beogh against you.
Beogh smites you!
You hit the orc priest but do no damage.
You claw the orc priest.
The orc priest is almost dead.
The orc priest closely misses you.
You closely miss the orc priest. Your kick misses the orc priest.
The orc priest is almost dead.
The orc priest invokes the aid of Beogh against you.
Beogh smites you!
You die...

..................
<###.........#.###
#............#
#...........###
#.............#
#...........#.###
##.........)....#
#..........รท.).####.
#...........@.......
#......>...o>..#.##$
...#..#........#.#
.........###.## .
.........# .# .
#......... .$
##.......## .##
#......o# .#
#.###....


You could see an orc priest.

Vanquished Creatures
  An adder (D:2)
  A worm (D:2)
  4 orcs (D:3)
  A ball python (D:2)
  5 endoplasms
  2 giant cockroaches (D:3)
  4 goblins
  3 hobgoblins
  7 kobolds
  2 quokkas (D:2)
  6 bats
  4 frilled lizards
  5 rats
45 creatures vanquished.

Notes
Turn   | Place    | Note
-------+----------+-------------------------------------------
     0 | D:1      | happo123 the Tengu Air Elementalist began the quest for the
                  | Orb.
     0 | D:1      | Reached XP level 1. HP: 10/10 MP: 4/4
   379 | D:1      | Reached XP level 2. HP: 15/15 MP: 6/6
   382 | D:1      | Learned a level 2 spell: Static Discharge
   512 | D:1      | Found a faded altar of an unknown god.
  1033 | D:2      | Reached XP level 3. HP: 4/20 MP: 2/7
  1037 | D:2      | Learned a level 3 spell: Swiftness
  1150 | D:2      | Found Qul Duix's Book Boutique.
  1647 | D:3      | Reached XP level 4. HP: 20/24 MP: 3/8
  1860 | D:3      | Killed from afar by an orc priest

Illustrated notes

Levels and vault maps discovered:
D:1:      dpeg_arrival_renting, layout_basic, basic_ecumenical_altar
D:2:      layout_basic, serial_shops, nicolae_shop_crystal
D:3:      layout_basic

Skill      XL: |  1  2 |
---------------+-------+-----
Conjurations   | 2 |  2.8
Fighting       | |  0.9
Dodging        | |  2.5
Stealth        | |  2.4
Spellcasting   | |  2.2
Air Magic      | |  4.8

Action                   |  1- 3 |  4- 6 || total
-------------------------+-------+-------++-------
Melee: Short sword       |    33 |     4 ||    37
       Kick              |     6 |     2 ||     8
       Peck              |     1 |       ||     1
 Cast: Shock             |    34 |     5 ||    39
       Static Discharge  |     5 |     2 ||     7
 Stab: Sleeping          |    10 |       ||    10
Armor: Robe              |    13 |       ||    13
Dodge: Dodged            |    23 |     4 ||    27

Table legend: (Time is in decaauts)
 A = Elapsed time spent in this place.
 B = Non-inter-level travel time spent in this place.
 C = Inter-level travel time spent in this place.
 D = Time resting spent in this place.
 E = Time spent auto-exploring this place.
 F = Levels seen in this place.
 G = Mean time per level.
                   A        B        C        D        E       F      G
               +--------+--------+--------+--------+--------+-----+--------+
         Total |   1863 |   1462 |    401 |    306 |    755 |   3 |  621.0 |
       Dungeon |   1863 |   1462 |    401 |    306 |    755 |   3 |  621.0 |
               +--------+--------+--------+--------+--------+-----+--------+

Top non-repeatable levels by time:
     D:1: 996 daAuts
     D:2: 795 daAuts
     D:3: 71 daAuts
